Map: Alcyone LE

Players

YDD - Winner!

  • Race: Zerg Zerg
  • League: Platinum
  • Spawn Location: 7:00

Subwayeatn

  • Race: Zerg Zerg
  • League: Platinum
  • Spawn Location: 1:00

VOD

Have the link to the VOD?

Description

Time

  • Played on: Nov. 8, 2023, 2:20 p.m.
  • Length: 3:46
Show
View Real Time Build Order
Export as new Build Order

YDD Zerg - Winner!

Build Orders: Hatch First 

Get SALT Encoding   

  12  0:00  Drone  
  13  0:12  Overlord  
  13  0:16  Drone  
  14  0:30  Drone x2  
  16  0:48  Hatchery  
  15  0:51  Drone  
  15  0:54  Drone  
  17  0:58  Drone  
  18  1:09  Extractor  
  17  1:14  Spawning Pool  
  17  1:16  Drone  
  17  1:20  Drone  
  18  1:27  Drone  
  19  1:39  Overlord  
  19  1:49  Drone  
  20  2:01  Queen x2  
  24  2:12  Drone  
  24  2:13  Drone x3  
  28  2:15  Metabolic Boost  
  28  2:24  Drone x2  
  30  2:37  Queen x2  
  30  2:42  Overlord  
  34  2:44  Overlord  
  34  2:56  Zergling x2  
  34  2:57  Zergling x6  
  27  3:22  Zergling x8  
  31  3:29  Zergling x2  
Show
View Real Time Build Order
Export as new Build Order

Subwayeatn Zerg 

Build Orders: Pool First 

Get SALT Encoding   

  12  0:01  Drone  
  13  0:08  Drone  
  13  0:12  Extractor  
  13  0:28  Spawning Pool  
  12  0:59  Hatchery  
  11  1:17  Queen  
  13  1:28  Metabolic Boost  
  13  1:32  Zergling x2  
  14  1:41  Overlord  
  14  1:59  Zergling x6  
  17  2:12  Queen  
  17  2:15  Zergling x2  
  20  2:19  Zergling x2  
  21  2:28  Zergling x4  
  23  2:34  Zergling x2  
  24  2:37  Zergling x2  
  24  2:42  Zergling x2  
  26  2:58  Zergling x6  
  21  3:20  Zergling x10  
Tags
 
Add a new tag
Caveats
  • Supply blocks, unpowered buildings, or Contaminate may cause inaccurate times.
  • Supply counts are checked every 10 seconds.